[ AOE2 MATCH · #461767074 ]
UnrankedMalians vs Franks
[ REPLAY ANALYSIS · EXTRACTED FROM THE RECORDED GAME ]
Feudal
11:25
Castle
15:09
Imperial
27:09
| APM avg | 39.5 |
| APM peak | 71 |
| eAPM avg | 21.2 |
| Villagers / military | 126 / 85 |
Focus
⚔️ 31.7% · 🌾 68.3%
Hand Cannoneer ×55 · Bombard Cannon ×27 · Monk ×3
Feudal
10:57
Castle
14:51
Imperial
31:59
| APM avg | 28.1 |
| APM peak | 67 |
| eAPM avg | 20.0 |
| Villagers / military | 111 / 32 |
Focus
⚔️ 22.2% · 🌾 77.8%
Knight ×27 · Monk ×3 · Mangonel ×2
Feudal
11:21
Castle
15:29
Imperial
34:09
| APM avg | 43.6 |
| APM peak | 74 |
| eAPM avg | 22.2 |
| Villagers / military | 151 / 66 |
Focus
⚔️ 39.9% · 🌾 60.1%
Cavalry Archer ×39 · Knight ×24 · Monk ×1 · Archer ×1 · Spearman ×1
Feudal
—
Castle
—
Imperial
—
| APM avg | 24.1 |
| APM peak | 47 |
| eAPM avg | 15.8 |
| Villagers / military | 147 / 94 |
Focus
⚔️ 20.3% · 🌾 79.7%
Camel Scout ×82 · Monk ×7 · Mameluke ×4 · Mangonel ×1
Feudal
11:23
Castle
15:02
Imperial
36:32
| APM avg | 39.1 |
| APM peak | 69 |
| eAPM avg | 21.2 |
| Villagers / military | 127 / 39 |
Focus
⚔️ 23.9% · 🌾 76.1%
Mangonel ×18 · Spearman ×13 · Scorpion ×5 · Battering Ram ×3
Feudal
11:00
Castle
14:45
Imperial
33:02
| APM avg | 32.4 |
| APM peak | 57 |
| eAPM avg | 13.9 |
| Villagers / military | 83 / 25 |
Focus
⚔️ 28.2% · 🌾 71.8%
Knight ×9 · Mangonel ×6 · Monk ×5 · Battering Ram ×5
Feudal
10:57
Castle
15:18
Imperial
30:36
| APM avg | 23.7 |
| APM peak | 57 |
| eAPM avg | 15.8 |
| Villagers / military | 158 / 96 |
Focus
⚔️ 21.1% · 🌾 78.9%
Kamayuk ×96 · Unknown (2550) ×3
Feudal
11:02
Castle
14:38
Imperial
28:12
| APM avg | 39.4 |
| APM peak | 71 |
| eAPM avg | 21.0 |
| Villagers / military | 123 / 106 |
Focus
⚔️ 33.2% · 🌾 66.8%
Jaguar Warrior ×104 · Monk ×2
Match map
Initial resources + every placement click. Lines = walls · curves = elevation contours. ◆ gold · ⬟ stone · ● berries · ✦ relic · ◌ wall gap
Your base· ✓ Closed at 15:09 · 0t walls · 2 gate(s)
JARV's base· ✓ Closed at 14:51 · 6t walls · 5 gate(s)
Froman's base· ✓ Closed at 15:29 · 0t walls · 2 gate(s)
TheWyandotte's base· ✓ Closed at 12:51 · 0t walls · 3 gate(s)
Vroooommmmmm's base· ✓ Closed at 15:02 · 0t walls · 3 gate(s)
[LMB] xvedejas's base· ✓ Closed at 14:45 · 0t walls · 2 gate(s)
LB $ RuJasonSh's base· ✓ Closed at 15:18 · 10t walls · 4 gate(s)
NotDukito's base· ✓ Closed at 14:38 · 0t walls · 2 gate(s)
Smoothed initial terrain · ◌ = detected wall gap · hover for details
Inputs per minute
— acejohn - - JARV
Build order — acejohn
First 150 of 341 actions detected
| 0:01 | Create | Villager (Male) ×4 |
| 0:04 | Build | House |
| 0:08 | Build | House |
| 1:26 | Create | Villager (Male) |
| 2:01 | Create | Villager (Male) |
| 2:12 | Create | Villager (Male) |
| 2:15 | Build | Lumber Camp |
| 2:51 | Create | Villager (Male) |
| 2:52 | Create | Villager (Male) |
| 3:25 | Build | House |
| 3:26 | Build | House |
| 3:46 | Create | Villager (Male) |
| 3:46 | Create | Villager (Male) |
| 3:47 | Create | Villager (Male) |
| 4:04 | Create | Villager (Male) |
| 4:10 | Build | Mill |
| 4:22 | Create | Villager (Male) |
| 4:40 | Create | Villager (Male) |
| 5:25 | Build | Farm |
| 5:44 | Create | Villager (Male) |
| 5:53 | Build | Farm |
| 6:14 | Create | Villager (Male) |
| 6:37 | Create | Villager (Male) |
| 6:40 | Build | Lumber Camp |
| 7:00 | Create | Villager (Male) |
| 7:19 | Create | Villager (Male) |
| 7:50 | Create | Villager (Male) |
| 8:02 | Build | House |
| 8:20 | Build | Farm |
| 8:23 | Create | Villager (Male) |
| 8:50 | Create | Villager (Male) |
| 9:07 | Research | Feudal Age |
| 9:22 | Create | Villager (Male) |
| 9:23 | Create | Villager (Male) |
| 9:33 | Build | Farm |
| 9:40 | Build | Farm |
| 9:43 | Build | Mining Camp |
| 11:00 | Build | House |
| 11:25 | Age | Feudal Age |
| 11:29 | Build | Market |
| 11:35 | Build | Blacksmith |
| 12:29 | Research | Castle Age |
| 13:36 | Research | Double-Bit Axe |
| 13:36 | Research | Double-Bit Axe |
| 14:01 | Research | Horse Collar |
| 14:45 | Create | Villager (Male) |
| 14:46 | Create | Villager (Male) |
| 14:50 | Build | Farm |
| 15:09 | Age | Castle Age |
| 15:22 | Build | Town Center |
| 15:27 | Build | Monastery |
| 15:33 | Build | House |
| 15:36 | Research | Bow Saw |
| 15:40 | Build | Town Center |
| 15:45 | Build | Farm |
| 15:49 | Build | Farm |
| 15:55 | Create | Villager (Male) |
| 15:57 | Research | Heavy Plow |
| 16:04 | Build | Farm |
| 16:07 | Build | Farm |
| 16:13 | Create | Villager (Male) |
| 16:19 | Create | Monk |
| 16:41 | Create | Villager (Male) |
| 16:54 | Build | Farm |
| 16:55 | Build | Farm |
| 16:55 | Build | Farm |
| 16:57 | Create | Villager (Male) |
| 16:59 | Build | Farm |
| 17:00 | Build | Farm |
| 17:01 | Build | Farm |
| 17:04 | Build | Farm |
| 17:07 | Create | Villager (Male) |
| 17:08 | Create | Villager (Male) |
| 17:19 | Create | Villager (Male) |
| 17:19 | Create | Villager (Male) |
| 17:35 | Create | Villager (Male) |
| 17:38 | Build | Farm |
| 17:42 | Build | Farm |
| 17:43 | Build | Farm |
| 17:45 | Build | Farm |
| 17:51 | Build | Farm |
| 17:52 | Build | Farm |
| 17:52 | Build | Farm |
| 17:53 | Create | Villager (Male) |
| 18:03 | Create | Monk |
| 18:06 | Create | Villager (Male) |
| 18:19 | Build | House |
| 18:21 | Build | House |
| 18:21 | Build | House |
| 18:22 | Create | Villager (Male) ×2 |
| 18:22 | Create | Villager (Male) ×2 |
| 18:27 | Build | Farm |
| 18:29 | Build | Farm |
| 18:34 | Build | Farm |
| 18:34 | Create | Villager (Male) |
| 18:34 | Create | Villager (Male) |
| 18:35 | Create | Villager (Male) |
| 18:43 | Build | Farm |
| 18:44 | Create | Villager (Male) |
| 18:45 | Create | Villager (Male) |
| 19:02 | Create | Villager (Male) |
| 19:06 | Build | Farm |
| 19:07 | Create | Villager (Male) |
| 19:18 | Create | Villager (Male) ×2 |
| 19:27 | Build | Farm |
| 19:29 | Build | Farm |
| 19:30 | Build | Farm |
| 19:32 | Create | Villager (Male) |
| 19:33 | Build | Farm |
| 19:35 | Create | Villager (Male) |
| 19:46 | Build | Lumber Camp |
| 19:47 | Create | Villager (Male) |
| 19:48 | Create | Villager (Male) |
| 19:51 | Build | House |
| 19:54 | Build | House |
| 20:12 | Create | Villager (Male) |
| 20:13 | Create | Villager (Male) |
| 20:15 | Create | Villager (Male) |
| 20:24 | Create | Villager (Male) |
| 20:25 | Create | Villager (Male) |
| 20:38 | Create | Villager (Male) |
| 20:45 | Create | Villager (Male) |
| 20:57 | Build | Mining Camp |
| 20:57 | Create | Villager (Male) |
| 20:58 | Create | Villager (Male) |
| 21:00 | Create | Villager (Male) |
| 21:02 | Build | House |
| 21:03 | Build | House |
| 21:04 | Build | House |
| 21:12 | Build | House |
| 21:12 | Build | House |
| 21:13 | Build | House |
| 21:14 | Create | Villager (Male) |
| 21:14 | Create | Villager (Male) |
| 21:18 | Research | Wheelbarrow |
| 21:31 | Create | Villager (Male) |
| 21:43 | Create | Villager (Male) |
| 21:49 | Build | University |
| 21:50 | Create | Villager (Male) |
| 21:51 | Build | Farm |
| 21:52 | Create | Villager (Male) |
| 21:55 | Build | Mill |
| 21:56 | Build | Farm |
| 21:56 | Build | Farm |
| 21:56 | Build | Farm |
| 21:57 | Build | Farm |
| 21:57 | Build | Farm |
| 21:57 | Build | Farm |
| 21:57 | Build | Farm |
| 21:58 | Build | Farm |
Build order — JARV
First 150 of 291 actions detected
| 0:00 | Create | Villager (Male) |
| 0:01 | Create | Villager (Male) |
| 0:01 | Create | Villager (Male) |
| 0:01 | Create | Villager (Male) |
| 0:03 | Build | House |
| 0:04 | Build | House |
| 0:13 | Build | House |
| 1:28 | Create | Villager (Male) |
| 1:56 | Build | Lumber Camp |
| 2:06 | Create | Villager (Male) |
| 2:34 | Create | Villager (Male) |
| 2:37 | Create | Villager (Male) |
| 2:37 | Create | Villager (Male) |
| 2:55 | Build | Palisade Gate |
| 3:12 | Create | Villager (Male) |
| 3:12 | Create | Villager (Male) |
| 3:20 | Build | Palisade Gate |
| 3:26 | Build | Palisade Wall |
| 4:05 | Create | Villager (Male) |
| 4:05 | Create | Villager (Male) |
| 4:05 | Create | Villager (Male) |
| 4:10 | Build | Palisade Wall |
| 4:14 | Build | Palisade Wall |
| 4:22 | Build | Palisade Wall |
| 4:24 | Build | Palisade Wall |
| 4:27 | Build | Palisade Wall |
| 4:42 | Build | House |
| 4:44 | Build | House |
| 4:50 | Create | Villager (Male) |
| 4:50 | Create | Villager (Male) |
| 5:03 | Build | Mill |
| 5:18 | Create | Villager (Male) |
| 5:19 | Create | Villager (Male) |
| 5:57 | Create | Villager (Male) |
| 5:57 | Create | Villager (Male) |
| 6:42 | Create | Villager (Male) |
| 7:10 | Create | Villager (Male) |
| 7:47 | Create | Villager (Male) |
| 8:16 | Create | Villager (Male) |
| 8:21 | Build | Mining Camp |
| 8:47 | Research | Feudal Age |
| 8:47 | Research | Feudal Age |
| 8:50 | Build | Farm |
| 8:53 | Build | Farm |
| 9:15 | Build | Farm |
| 10:04 | Create | Villager (Male) |
| 10:04 | Create | Villager (Male) |
| 10:57 | Age | Feudal Age |
| 11:06 | Build | Market |
| 11:24 | Create | Villager (Male) |
| 11:35 | Build | Blacksmith |
| 12:11 | Research | Castle Age |
| 12:27 | Build | Mining Camp |
| 12:30 | Build | Mining Camp |
| 13:16 | Research | Double-Bit Axe |
| 13:55 | Create | Villager (Male) |
| 13:56 | Create | Villager (Male) |
| 14:51 | Age | Castle Age |
| 15:01 | Build | Town Center |
| 15:05 | Build | House |
| 15:06 | Build | House |
| 15:12 | Build | House |
| 15:13 | Build | House |
| 15:23 | Research | Loom |
| 15:41 | Build | House |
| 15:53 | Create | Villager (Male) |
| 15:54 | Create | Villager (Male) |
| 15:58 | Build | Farm |
| 16:01 | Build | Farm |
| 16:07 | Build | Farm |
| 16:11 | Create | Villager (Male) |
| 16:18 | Create | Villager (Male) |
| 16:36 | Create | Villager (Male) |
| 16:36 | Create | Villager (Male) |
| 16:41 | Build | Farm |
| 16:42 | Build | Farm |
| 16:45 | Build | Farm |
| 16:50 | Build | Farm |
| 16:52 | Build | Farm |
| 17:03 | Create | Villager (Male) |
| 17:04 | Create | Villager (Male) |
| 17:21 | Build | Siege Workshop |
| 17:33 | Create | Villager (Male) |
| 17:35 | Research | Bow Saw |
| 17:49 | Create | Villager (Male) |
| 17:49 | Create | Villager (Male) |
| 18:23 | Build | Castle |
| 18:30 | Create | Villager (Male) |
| 18:30 | Create | Villager (Male) |
| 18:42 | Research | Wheelbarrow |
| 18:49 | Build | Town Center |
| 19:09 | Create | Villager (Male) |
| 19:09 | Create | Villager (Male) |
| 19:13 | Build | House |
| 19:25 | Build | Farm |
| 19:32 | Create | Villager (Male) |
| 19:32 | Create | Villager (Male) |
| 19:34 | Build | Farm |
| 20:03 | Create | Villager (Male) |
| 20:03 | Create | Villager (Male) |
| 20:04 | Create | Villager (Male) |
| 20:09 | Build | Farm |
| 20:11 | Build | Farm |
| 20:18 | Build | Farm |
| 20:25 | Build | Farm |
| 20:27 | Create | Villager (Male) |
| 20:27 | Create | Villager (Male) |
| 20:35 | Build | Farm |
| 20:41 | Build | Farm |
| 20:44 | Create | Villager (Male) |
| 20:44 | Create | Villager (Male) |
| 20:56 | Create | Mangonel |
| 20:56 | Create | Mangonel |
| 20:59 | Create | Villager (Male) |
| 21:00 | Create | Villager (Male) |
| 21:01 | Create | Villager (Male) |
| 21:01 | Create | Villager (Male) |
| 21:03 | Build | Farm |
| 21:03 | Build | Farm |
| 21:14 | Build | Farm |
| 21:24 | Build | Farm |
| 21:26 | Create | Villager (Male) |
| 21:26 | Create | Villager (Male) |
| 21:26 | Create | Villager (Male) |
| 21:36 | Build | Lumber Camp |
| 21:40 | Create | Villager (Male) |
| 21:40 | Create | Villager (Male) |
| 21:50 | Build | Barracks |
| 21:52 | Create | Villager (Male) |
| 21:53 | Create | Villager (Male) |
| 21:57 | Build | Farm |
| 22:03 | Build | Farm |
| 22:03 | Build | Farm |
| 22:04 | Create | Villager (Male) |
| 22:19 | Create | Villager (Male) |
| 22:20 | Create | Villager (Male) |
| 22:20 | Create | Villager (Male) |
| 22:20 | Create | Villager (Male) |
| 22:27 | Build | Farm |
| 22:31 | Build | Farm |
| 22:47 | Build | Stable |
| 22:50 | Build | Stable |
| 22:54 | Create | Villager (Male) |
| 22:54 | Create | Villager (Male) |
| 22:54 | Create | Villager (Male) |
| 22:54 | Create | Villager (Male) |
| 22:56 | Build | House |
| 22:57 | Build | House |
| 22:59 | Build | House |
| 23:04 | Create | Villager (Male) |
Build order — Froman
First 150 of 361 actions detected
| 0:00 | Create | Villager (Male) |
| 0:00 | Create | Villager (Male) |
| 0:05 | Create | Villager (Male) |
| 0:12 | Create | Villager (Male) |
| 1:11 | Create | Villager (Male) |
| 1:40 | Create | Villager (Male) |
| 1:47 | Build | Lumber Camp |
| 1:55 | Create | Villager (Male) |
| 2:21 | Create | Villager (Male) |
| 2:48 | Create | Villager (Male) |
| 3:17 | Create | Villager (Male) |
| 3:17 | Create | Villager (Male) |
| 3:54 | Create | Villager (Male) |
| 4:01 | Create | Villager (Male) |
| 4:19 | Create | Villager (Male) |
| 4:51 | Build | Mill |
| 5:19 | Create | Villager (Male) |
| 5:19 | Create | Villager (Male) |
| 5:44 | Create | Villager (Male) |
| 6:17 | Create | Villager (Male) |
| 6:36 | Create | Villager (Male) |
| 6:59 | Create | Villager (Male) |
| 7:22 | Create | Villager (Male) |
| 7:46 | Create | Villager (Male) |
| 8:32 | Create | Villager (Male) |
| 8:48 | Build | Mining Camp |
| 8:54 | Research | Feudal Age |
| 9:16 | Create | Villager (Male) |
| 9:17 | Create | Villager (Male) |
| 9:59 | Build | Barracks |
| 11:19 | Create | Villager (Male) |
| 11:21 | Age | Feudal Age |
| 11:22 | Build | Stable |
| 11:29 | Build | Blacksmith |
| 11:51 | Build | Farm |
| 11:52 | Build | Farm |
| 11:57 | Build | Farm |
| 12:00 | Build | Farm |
| 12:05 | Create | Spearman |
| 12:49 | Research | Castle Age |
| 13:04 | Build | Stable |
| 13:08 | Build | Farm |
| 13:28 | Research | Double-Bit Axe |
| 13:31 | Build | Farm |
| 14:04 | Build | Farm |
| 14:11 | Create | Villager (Male) |
| 14:13 | Build | Farm |
| 14:19 | Build | Farm |
| 14:25 | Research | Horse Collar |
| 14:31 | Build | Farm |
| 14:45 | Build | Farm |
| 14:45 | Create | Villager (Male) |
| 15:00 | Build | Farm |
| 15:15 | Create | Villager (Male) |
| 15:16 | Create | Villager (Male) |
| 15:29 | Age | Castle Age |
| 15:30 | Build | Farm |
| 15:31 | Create | Knight |
| 15:31 | Create | Knight |
| 15:37 | Build | Farm |
| 15:46 | Create | Villager (Male) |
| 15:53 | Build | Farm |
| 15:56 | Create | Villager (Male) |
| 16:04 | Create | Knight |
| 16:04 | Create | Knight |
| 16:05 | Create | Villager (Male) |
| 16:13 | Build | Farm |
| 16:18 | Create | Villager (Male) |
| 16:28 | Create | Knight |
| 16:28 | Create | Knight |
| 16:44 | Create | Villager (Male) |
| 16:45 | Build | Farm |
| 16:56 | Create | Knight |
| 16:58 | Build | Farm |
| 16:58 | Create | Villager (Male) |
| 17:07 | Create | Villager (Male) |
| 17:13 | Research | Bloodlines |
| 17:15 | Create | Villager (Male) |
| 17:27 | Build | Farm |
| 17:39 | Create | Knight |
| 17:39 | Create | Knight |
| 17:49 | Create | Knight |
| 17:50 | Create | Knight |
| 17:50 | Create | Villager (Male) |
| 18:10 | Create | Villager (Male) |
| 18:11 | Create | Villager (Male) |
| 18:13 | Create | Knight |
| 18:14 | Create | Knight |
| 18:27 | Create | Villager (Male) |
| 18:44 | Create | Knight |
| 18:49 | Create | Villager (Male) |
| 18:49 | Create | Villager (Male) |
| 18:49 | Create | Villager (Male) |
| 18:56 | Build | Farm |
| 19:14 | Create | Knight |
| 19:14 | Create | Knight |
| 19:16 | Create | Villager (Male) |
| 19:20 | Research | Bow Saw |
| 19:41 | Create | Knight |
| 19:41 | Create | Knight |
| 19:42 | Create | Villager (Male) |
| 19:42 | Create | Villager (Male) |
| 19:42 | Create | Villager (Male) |
| 19:47 | Create | Villager (Male) |
| 19:51 | Build | Farm |
| 20:01 | Create | Villager (Male) |
| 20:10 | Create | Knight |
| 20:28 | Build | Town Center |
| 20:32 | Create | Villager (Male) |
| 20:33 | Create | Knight |
| 20:44 | Create | Villager (Male) |
| 20:59 | Create | Knight |
| 21:05 | Create | Villager (Male) |
| 21:22 | Create | Knight |
| 21:23 | Create | Villager (Male) |
| 21:41 | Research | Wheelbarrow |
| 21:51 | Build | Monastery |
| 21:52 | Create | Villager (Male) |
| 21:53 | Create | Villager (Male) |
| 21:58 | Build | Lumber Camp |
| 22:15 | Create | Villager (Male) |
| 22:28 | Create | Knight |
| 22:29 | Create | Knight |
| 22:38 | Create | Monk |
| 22:46 | Create | Villager (Male) |
| 23:01 | Build | Farm |
| 23:06 | Create | Villager (Male) |
| 23:11 | Build | Town Center |
| 23:14 | Create | Villager (Male) |
| 23:20 | Research | Town Watch |
| 23:29 | Create | Villager (Male) |
| 23:36 | Create | Villager (Male) |
| 23:50 | Create | Villager (Male) |
| 23:52 | Create | Villager (Male) |
| 23:52 | Create | Villager (Male) |
| 24:03 | Build | Farm |
| 24:05 | Build | Farm |
| 24:05 | Create | Villager (Male) |
| 24:23 | Build | Town Center |
| 24:24 | Create | Villager (Male) |
| 24:26 | Create | Villager (Male) |
| 24:48 | Create | Villager (Male) |
| 24:50 | Create | Villager (Male) |
| 25:03 | Research | Husbandry |
| 25:07 | Build | Farm |
| 25:09 | Build | Farm |
| 25:09 | Build | Farm |
| 25:09 | Build | Farm |
| 25:09 | Build | Farm |
| 25:10 | Create | Villager (Male) |
Build order — TheWyandotte
First 150 of 332 actions detected
| 0:01 | Create | Villager (Male) |
| 0:01 | Create | Villager (Male) |
| 0:01 | Create | Villager (Male) |
| 0:01 | Create | Villager (Male) |
| 0:03 | Build | House |
| 0:04 | Build | House |
| 1:27 | Create | Villager (Male) |
| 1:28 | Create | Villager (Male) |
| 1:44 | Build | Lumber Camp |
| 1:59 | Create | Villager (Male) |
| 2:30 | Create | Villager (Male) |
| 2:53 | Create | Villager (Male) |
| 2:53 | Create | Villager (Male) |
| 3:01 | Build | House |
| 3:03 | Create | Villager (Male) |
| 3:03 | Create | Villager (Male) |
| 3:42 | Create | Villager (Male) |
| 3:42 | Create | Villager (Male) |
| 3:56 | Create | Villager (Male) |
| 4:33 | Create | Villager (Male) |
| 4:43 | Create | Villager (Male) |
| 5:08 | Build | House |
| 5:25 | Create | Villager (Male) |
| 5:25 | Create | Villager (Male) |
| 5:38 | Create | Villager (Male) |
| 5:56 | Build | Mill |
| 6:18 | Create | Villager (Male) |
| 6:34 | Create | Villager (Male) |
| 6:43 | Create | Villager (Male) |
| 6:58 | Build | Mill |
| 7:03 | Create | Villager (Male) |
| 7:09 | Build | Lumber Camp |
| 7:28 | Create | Villager (Male) |
| 7:34 | Build | House |
| 8:01 | Create | Villager (Male) |
| 8:23 | Build | Mining Camp |
| 8:25 | Create | Villager (Male) |
| 8:47 | Build | Farm |
| 9:02 | Research | Feudal Age |
| 9:06 | Build | Farm |
| 9:50 | Build | House |
| 10:18 | Build | Farm |
| 10:38 | Build | Farm |
| 10:52 | Build | Farm |
| 11:24 | Create | Villager (Male) |
| 11:24 | Create | Villager (Male) |
| 11:49 | Build | Market |
| 11:52 | Build | Blacksmith |
| 12:19 | Build | Farm |
| 12:21 | Build | Farm |
| 12:51 | Research | Castle Age |
| 13:05 | Research | Horse Collar |
| 13:31 | Research | Double-Bit Axe |
| 14:49 | Create | Villager (Male) |
| 14:49 | Create | Villager (Male) |
| 15:35 | Build | Town Center |
| 15:39 | Build | Town Center |
| 16:07 | Create | Villager (Male) |
| 16:13 | Build | Farm |
| 16:14 | Build | Farm |
| 16:14 | Build | Farm |
| 16:15 | Build | Farm |
| 16:31 | Create | Villager (Male) |
| 16:31 | Create | Villager (Male) |
| 16:33 | Build | Farm |
| 16:35 | Build | Farm |
| 16:38 | Build | Farm |
| 16:42 | Build | Farm |
| 16:45 | Build | Farm |
| 16:47 | Create | Villager (Male) |
| 16:54 | Build | Farm |
| 16:57 | Create | Villager (Male) |
| 17:00 | Create | Villager (Male) |
| 17:01 | Create | Villager (Male) |
| 17:01 | Create | Villager (Male) |
| 17:16 | Create | Villager (Male) |
| 17:17 | Create | Villager (Male) |
| 17:42 | Build | Monastery |
| 17:46 | Create | Villager (Male) |
| 17:46 | Create | Villager (Male) |
| 18:00 | Build | Farm |
| 18:05 | Create | Villager (Male) |
| 18:05 | Create | Villager (Male) |
| 18:05 | Create | Villager (Male) |
| 18:23 | Create | Villager (Male) |
| 18:24 | Create | Villager (Male) |
| 18:26 | Build | House |
| 18:27 | Build | House |
| 18:31 | Research | Wheelbarrow |
| 18:34 | Create | Monk |
| 18:38 | Research | Fervor |
| 18:49 | Research | Loom |
| 18:55 | Create | Villager (Male) |
| 19:06 | Create | Villager (Male) |
| 19:06 | Create | Villager (Male) |
| 19:17 | Build | Siege Workshop |
| 19:21 | Create | Villager (Male) |
| 19:21 | Create | Villager (Male) |
| 19:29 | Create | Villager (Male) |
| 19:33 | Build | Mining Camp |
| 19:37 | Build | House |
| 19:38 | Build | House |
| 19:40 | Create | Villager (Male) |
| 19:57 | Build | House |
| 19:58 | Build | House |
| 19:59 | Build | House |
| 20:14 | Create | Mangonel |
| 20:16 | Create | Villager (Male) |
| 20:16 | Create | Villager (Male) |
| 20:21 | Create | Monk |
| 20:24 | Create | Villager (Male) |
| 20:26 | Create | Villager (Male) |
| 20:30 | Build | Farm |
| 20:40 | Build | Farm |
| 20:43 | Build | Farm |
| 20:59 | Create | Villager (Male) |
| 20:59 | Create | Villager (Male) |
| 21:08 | Build | Monastery |
| 21:11 | Create | Villager (Male) |
| 21:11 | Create | Villager (Male) |
| 21:29 | Create | Monk |
| 21:30 | Create | Villager (Male) |
| 21:30 | Create | Villager (Male) |
| 21:44 | Build | Mining Camp |
| 21:44 | Create | Villager (Male) |
| 21:45 | Create | Villager (Male) |
| 21:45 | Create | Villager (Male) |
| 22:03 | Create | Monk |
| 22:03 | Create | Monk |
| 22:04 | Create | Villager (Male) |
| 22:05 | Create | Villager (Male) |
| 22:08 | Research | Gold Mining |
| 22:09 | Research | Stone Mining |
| 22:14 | Build | Farm |
| 22:31 | Create | Villager (Male) |
| 22:32 | Create | Villager (Male) |
| 22:32 | Create | Villager (Male) |
| 22:32 | Create | Villager (Male) |
| 22:33 | Create | Villager (Male) |
| 22:34 | Create | Villager (Male) |
| 22:38 | Build | Farm |
| 22:38 | Build | Farm |
| 22:38 | Build | Farm |
| 22:38 | Build | Farm |
| 22:38 | Build | Farm |
| 22:39 | Build | Farm |
| 22:39 | Build | Farm |
| 22:39 | Build | Farm |
| 22:40 | Build | Farm |
| 22:42 | Create | Villager (Male) |
Build order — Vroooommmmmm
First 150 of 317 actions detected
| 0:01 | Create | Villager (Male) ×4 |
| 0:03 | Build | House |
| 0:04 | Build | House |
| 1:30 | Create | Villager (Male) |
| 2:00 | Build | Lumber Camp |
| 2:05 | Create | Villager (Male) |
| 2:18 | Create | Villager (Male) |
| 2:49 | Create | Villager (Male) |
| 3:10 | Create | Villager (Male) |
| 3:38 | Create | Villager (Male) |
| 3:38 | Create | Villager (Male) |
| 3:52 | Build | House |
| 3:54 | Build | Mill |
| 4:02 | Create | Villager (Male) |
| 4:02 | Create | Villager (Male) |
| 4:30 | Create | Villager (Male) |
| 4:59 | Create | Villager (Male) |
| 5:11 | Create | Villager (Male) |
| 5:21 | Create | Villager (Male) |
| 5:54 | Build | House |
| 6:11 | Create | Villager (Male) |
| 6:11 | Create | Villager (Male) |
| 6:19 | Build | Mill |
| 6:24 | Build | House |
| 6:29 | Build | Farm |
| 6:56 | Create | Villager (Male) |
| 7:08 | Build | Farm |
| 7:26 | Create | Villager (Male) |
| 7:35 | Build | Farm |
| 7:41 | Create | Villager (Male) |
| 8:23 | Create | Villager (Male) |
| 8:46 | Create | Villager (Male) |
| 8:47 | Research | Feudal Age |
| 8:51 | Build | Mining Camp |
| 10:08 | Build | Farm |
| 10:26 | Build | Farm |
| 10:31 | Create | Villager (Male) |
| 10:31 | Create | Villager (Male) |
| 10:39 | Build | House |
| 11:23 | Age | Feudal Age |
| 11:25 | Build | Blacksmith |
| 11:29 | Research | Loom |
| 11:35 | Build | Market |
| 11:46 | Research | Double-Bit Axe |
| 11:47 | Research | Double-Bit Axe |
| 12:22 | Research | Castle Age |
| 13:16 | Build | Lumber Camp |
| 13:43 | Build | House |
| 13:47 | Build | House |
| 15:02 | Age | Castle Age |
| 15:04 | Build | Siege Workshop |
| 15:09 | Build | Siege Workshop |
| 15:09 | Build | Siege Workshop |
| 17:14 | Create | Villager (Male) |
| 17:15 | Create | Villager (Male) |
| 17:18 | Create | Scorpion |
| 17:18 | Create | Scorpion |
| 17:18 | Create | Scorpion |
| 17:24 | Create | Villager (Male) |
| 17:30 | Research | Bow Saw |
| 17:30 | Research | Bow Saw |
| 17:32 | Research | Horse Collar |
| 17:32 | Research | Horse Collar |
| 17:36 | Build | Farm |
| 17:39 | Build | Farm |
| 17:46 | Create | Scorpion |
| 17:46 | Create | Scorpion |
| 17:51 | Create | Battering Ram |
| 17:51 | Create | Battering Ram |
| 17:54 | Create | Battering Ram |
| 17:57 | Build | House |
| 17:59 | Create | Villager (Male) |
| 18:20 | Build | House |
| 18:21 | Create | Villager (Male) |
| 18:25 | Create | Mangonel |
| 18:25 | Create | Mangonel |
| 18:25 | Create | Mangonel |
| 18:33 | Create | Mangonel |
| 18:34 | Create | Mangonel |
| 18:45 | Build | House |
| 19:00 | Create | Villager (Male) |
| 19:32 | Create | Villager (Male) |
| 19:33 | Create | Villager (Male) |
| 19:57 | Create | Mangonel |
| 19:57 | Create | Mangonel |
| 20:09 | Create | Villager (Male) |
| 20:21 | Build | Farm |
| 20:22 | Build | Farm |
| 20:31 | Create | Villager (Male) |
| 20:31 | Create | Villager (Male) |
| 20:33 | Build | Farm |
| 20:36 | Create | Mangonel |
| 20:36 | Create | Mangonel |
| 20:57 | Research | Heavy Plow |
| 21:07 | Build | Farm |
| 21:15 | Create | Villager (Male) |
| 21:49 | Create | Villager (Male) |
| 21:51 | Create | Mangonel |
| 21:51 | Create | Mangonel |
| 22:32 | Build | Farm |
| 22:39 | Build | Town Center |
| 22:42 | Create | Villager (Male) |
| 23:16 | Create | Villager (Male) |
| 23:17 | Create | Villager (Male) |
| 23:17 | Create | Villager (Male) |
| 23:17 | Create | Villager (Male) |
| 23:23 | Build | Town Center |
| 23:56 | Research | Wheelbarrow |
| 24:16 | Create | Villager (Male) |
| 24:16 | Create | Villager (Male) |
| 24:16 | Create | Villager (Male) |
| 24:32 | Create | Villager (Male) |
| 24:32 | Create | Villager (Male) |
| 24:55 | Create | Villager (Male) |
| 24:55 | Create | Villager (Male) |
| 25:10 | Build | Farm |
| 25:10 | Build | Farm |
| 25:10 | Build | Farm |
| 25:18 | Build | Town Center |
| 25:22 | Build | Farm |
| 25:22 | Build | Farm |
| 25:22 | Build | Farm |
| 25:22 | Build | Farm |
| 25:22 | Build | Farm |
| 25:49 | Create | Villager (Male) |
| 25:49 | Create | Villager (Male) |
| 26:07 | Create | Villager (Male) |
| 26:07 | Create | Villager (Male) |
| 26:28 | Create | Mangonel |
| 26:28 | Create | Mangonel |
| 26:29 | Create | Villager (Male) |
| 26:30 | Create | Villager (Male) |
| 26:35 | Build | Farm |
| 26:36 | Build | Farm |
| 26:44 | Create | Villager (Male) |
| 26:45 | Create | Villager (Male) |
| 26:45 | Create | Villager (Male) |
| 26:52 | Build | House |
| 26:53 | Build | House |
| 27:03 | Create | Villager (Male) |
| 27:04 | Create | Villager (Male) |
| 27:04 | Create | Villager (Male) |
| 27:18 | Create | Villager (Male) |
| 27:18 | Create | Villager (Male) |
| 27:19 | Create | Villager (Male) |
| 27:53 | Create | Villager (Male) |
| 27:53 | Create | Villager (Male) |
| 27:57 | Build | House |
| 27:58 | Build | House |
| 27:58 | Build | House |
Build order — [LMB] xvedejas
First 150 of 209 actions detected
| 0:00 | Create | Villager (Male) |
| 0:00 | Create | Villager (Male) |
| 0:01 | Create | Villager (Male) |
| 0:02 | Build | House |
| 0:03 | Build | House |
| 0:16 | Create | Villager (Male) |
| 1:26 | Create | Villager (Male) |
| 1:52 | Build | Lumber Camp |
| 1:58 | Create | Villager (Male) |
| 2:17 | Create | Villager (Male) |
| 2:36 | Create | Villager (Male) |
| 2:59 | Create | Villager (Male) |
| 3:36 | Build | House |
| 3:49 | Create | Villager (Male) |
| 3:55 | Build | House |
| 4:02 | Create | Villager (Male) |
| 4:37 | Create | Villager (Male) |
| 4:54 | Create | Villager (Male) |
| 5:11 | Create | Villager (Male) |
| 5:42 | Create | Villager (Male) |
| 5:58 | Build | Mill |
| 6:10 | Create | Villager (Male) |
| 6:17 | Build | Mill |
| 6:26 | Create | Villager (Male) |
| 7:09 | Create | Villager (Male) |
| 7:10 | Create | Villager (Male) |
| 7:10 | Create | Villager (Male) |
| 7:19 | Build | Lumber Camp |
| 7:58 | Build | Farm |
| 8:00 | Build | Farm |
| 8:22 | Create | Villager (Male) |
| 8:47 | Research | Feudal Age |
| 8:50 | Build | Mining Camp |
| 9:01 | Build | Farm |
| 9:05 | Build | Farm |
| 9:33 | Build | House |
| 10:14 | Create | Villager (Male) |
| 10:14 | Create | Villager (Male) |
| 10:30 | Build | Farm |
| 11:00 | Age | Feudal Age |
| 11:02 | Build | Market |
| 11:03 | Build | Blacksmith |
| 12:05 | Research | Castle Age |
| 12:38 | Research | Double-Bit Axe |
| 14:23 | Create | Villager (Male) |
| 14:45 | Age | Castle Age |
| 15:07 | Create | Villager (Male) |
| 15:11 | Build | House |
| 15:29 | Build | Siege Workshop |
| 15:31 | Build | Siege Workshop |
| 15:32 | Create | Villager (Male) |
| 15:42 | Research | Bow Saw |
| 15:46 | Research | Horse Collar |
| 15:50 | Research | Gold Mining |
| 15:53 | Create | Villager (Male) |
| 15:56 | Build | House |
| 16:12 | Build | House |
| 16:13 | Build | House |
| 16:26 | Create | Mangonel |
| 16:29 | Create | Mangonel |
| 16:32 | Create | Villager (Male) |
| 16:45 | Create | Villager (Male) |
| 16:54 | Create | Mangonel |
| 17:06 | Create | Villager (Male) |
| 17:14 | Create | Mangonel |
| 17:18 | Create | Villager (Male) |
| 17:22 | Create | Villager (Male) |
| 17:29 | Research | Town Watch |
| 17:33 | Build | Outpost |
| 17:54 | Build | Monastery |
| 17:56 | Create | Villager (Male) |
| 18:15 | Build | University |
| 18:28 | Create | Villager (Male) |
| 18:47 | Create | Villager (Male) |
| 18:53 | Create | Monk |
| 19:18 | Create | Villager (Male) |
| 19:52 | Create | Villager (Male) |
| 20:02 | Create | Monk |
| 20:10 | Build | Lumber Camp |
| 20:18 | Create | Monk |
| 20:31 | Create | Monk |
| 20:34 | Create | Villager (Male) |
| 20:35 | Research | Loom |
| 20:38 | Build | Farm |
| 20:44 | Build | Town Center |
| 21:35 | Create | Monk |
| 21:35 | Research | Sanctity |
| 21:42 | Create | Villager (Male) |
| 21:44 | Create | Villager (Male) |
| 21:50 | Create | Villager (Male) |
| 22:00 | Build | Farm |
| 22:01 | Build | Farm |
| 22:01 | Build | Farm |
| 22:01 | Build | Farm |
| 22:02 | Build | Farm |
| 22:24 | Create | Villager (Male) |
| 22:37 | Build | Farm |
| 22:39 | Create | Villager (Male) |
| 22:41 | Build | Lumber Camp |
| 22:52 | Build | Barracks |
| 23:19 | Create | Villager (Male) |
| 23:28 | Create | Villager (Male) |
| 24:14 | Build | Outpost |
| 24:15 | Create | Villager (Male) |
| 24:30 | Create | Villager (Male) |
| 24:33 | Build | Outpost |
| 24:37 | Build | House |
| 24:39 | Build | House |
| 24:41 | Build | Stable |
| 24:44 | Build | Stable |
| 24:56 | Create | Villager (Male) |
| 24:58 | Create | Villager (Male) |
| 25:01 | Create | Villager (Male) |
| 25:14 | Create | Villager (Male) |
| 25:18 | Create | Villager (Male) |
| 25:21 | Research | Wheelbarrow |
| 25:29 | Build | Outpost |
| 25:42 | Build | Farm |
| 25:43 | Build | Farm |
| 25:43 | Build | Farm |
| 25:43 | Build | Farm |
| 25:43 | Build | Farm |
| 25:44 | Build | Farm |
| 25:44 | Build | Farm |
| 25:44 | Build | Farm |
| 26:03 | Build | Outpost |
| 26:04 | Create | Villager (Male) |
| 26:19 | Create | Villager (Male) |
| 26:34 | Create | Villager (Male) |
| 26:42 | Create | Villager (Male) |
| 26:50 | Build | House |
| 26:51 | Build | House |
| 26:52 | Build | House |
| 26:52 | Build | House |
| 26:55 | Build | Farm |
| 26:55 | Build | Farm |
| 26:56 | Build | Farm |
| 26:56 | Build | Farm |
| 26:59 | Create | Villager (Male) |
| 27:04 | Create | Villager (Male) |
| 27:06 | Create | Villager (Male) |
| 27:17 | Create | Villager (Male) |
| 27:25 | Create | Villager (Male) |
| 27:35 | Create | Villager (Male) |
| 27:44 | Create | Villager (Male) |
| 27:48 | Create | Villager (Male) |
| 27:51 | Create | Villager (Male) |
| 28:03 | Create | Villager (Male) |
| 28:08 | Create | Mangonel |
| 28:09 | Create | Mangonel |
Build order — LB $ RuJasonSh
First 150 of 332 actions detected
| 0:01 | Create | Villager (Male) |
| 0:01 | Create | Villager (Male) |
| 0:02 | Create | Villager (Male) |
| 0:03 | Build | House |
| 0:04 | Build | House |
| 0:05 | Create | Villager (Male) |
| 1:27 | Create | Villager (Male) |
| 2:01 | Create | Villager (Male) |
| 2:10 | Build | Settlement |
| 2:31 | Create | Villager (Male) |
| 2:32 | Create | Villager (Male) |
| 3:04 | Create | Villager (Male) |
| 3:05 | Create | Villager (Male) |
| 3:28 | Build | House |
| 3:29 | Build | House |
| 3:30 | Build | Palisade Wall |
| 3:40 | Create | Villager (Male) ×2 |
| 3:40 | Create | Villager (Male) ×2 |
| 4:05 | Build | Palisade Gate |
| 4:14 | Create | Villager (Male) ×2 |
| 4:34 | Build | House |
| 4:37 | Build | Palisade Wall |
| 5:09 | Create | Villager (Male) ×2 |
| 6:15 | Create | Villager (Male) |
| 6:18 | Create | Villager (Male) |
| 6:53 | Create | Villager (Male) |
| 7:12 | Create | Villager (Male) |
| 7:35 | Create | Villager (Male) |
| 7:36 | Create | Villager (Male) |
| 8:42 | Build | Settlement |
| 8:44 | Research | Feudal Age |
| 9:40 | Build | Farm |
| 9:45 | Build | Farm |
| 9:51 | Build | Farm |
| 9:56 | Build | Farm |
| 10:27 | Create | Villager (Male) |
| 10:28 | Create | Villager (Male) |
| 10:57 | Age | Feudal Age |
| 11:05 | Build | Market |
| 11:11 | Build | Blacksmith |
| 11:44 | Create | Villager (Male) |
| 12:01 | Build | Barracks |
| 12:12 | Create | Villager (Male) |
| 12:38 | Research | Castle Age |
| 12:38 | Research | Castle Age |
| 12:54 | Build | House |
| 12:56 | Build | House |
| 13:05 | Research | Horse Collar |
| 13:14 | Build | Farm |
| 13:19 | Build | Farm |
| 13:24 | Build | Farm |
| 13:27 | Build | Farm |
| 13:32 | Build | Farm |
| 13:43 | Research | Double-Bit Axe |
| 13:52 | Build | House |
| 13:53 | Build | House |
| 14:21 | Build | Palisade Wall |
| 14:57 | Build | House |
| 15:03 | Research | Wheelbarrow |
| 15:18 | Age | Castle Age |
| 15:20 | Build | Town Center |
| 15:26 | Research | Bow Saw |
| 15:54 | Research | Heavy Plow |
| 16:26 | Build | Farm |
| 16:27 | Build | Farm |
| 16:32 | Create | Villager (Male) |
| 16:48 | Create | Unit 2550 |
| 17:04 | Create | Villager (Male) |
| 17:05 | Create | Villager (Male) |
| 17:06 | Create | Villager (Male) |
| 17:06 | Create | Villager (Male) |
| 17:20 | Create | Villager (Male) |
| 17:20 | Create | Villager (Male) |
| 17:27 | Build | Town Center |
| 17:31 | Create | Villager (Male) |
| 17:31 | Create | Villager (Male) |
| 17:40 | Build | Farm |
| 17:48 | Build | Farm |
| 17:53 | Build | Farm |
| 17:58 | Build | Farm |
| 17:59 | Create | Villager (Male) |
| 18:00 | Create | Villager (Male) |
| 18:01 | Create | Villager (Male) |
| 18:15 | Create | Villager (Male) |
| 18:15 | Create | Villager (Male) |
| 18:17 | Create | Villager (Male) |
| 18:40 | Build | Town Center |
| 18:53 | Create | Villager (Male) |
| 18:53 | Create | Villager (Male) |
| 18:53 | Create | Villager (Male) |
| 18:53 | Create | Villager (Male) |
| 19:01 | Create | Villager (Male) |
| 19:01 | Create | Villager (Male) |
| 19:20 | Create | Villager (Male) |
| 19:21 | Create | Villager (Male) |
| 19:21 | Create | Villager (Male) |
| 19:40 | Create | Villager (Male) |
| 19:40 | Create | Villager (Male) |
| 19:57 | Build | Settlement |
| 19:58 | Create | Villager (Male) |
| 19:58 | Create | Villager (Male) |
| 19:58 | Create | Villager (Male) |
| 19:59 | Create | Villager (Male) |
| 20:07 | Build | Farm |
| 20:07 | Build | Farm |
| 20:07 | Build | Farm |
| 20:07 | Build | Farm |
| 20:08 | Build | Farm |
| 20:08 | Build | Farm |
| 20:11 | Create | Villager (Male) |
| 20:11 | Create | Villager (Male) |
| 20:23 | Build | Farm |
| 20:25 | Build | Farm |
| 20:27 | Build | Farm |
| 20:28 | Create | Villager (Male) |
| 20:28 | Create | Villager (Male) |
| 20:36 | Research | Town Watch |
| 20:48 | Create | Villager (Male) |
| 20:48 | Create | Villager (Male) |
| 20:51 | Build | Farm |
| 20:52 | Build | Farm |
| 21:02 | Create | Villager (Male) |
| 21:02 | Create | Villager (Male) |
| 21:06 | Build | Farm |
| 21:08 | Build | Farm |
| 21:10 | Create | Villager (Male) |
| 21:11 | Create | Villager (Male) |
| 21:12 | Create | Villager (Male) |
| 21:25 | Build | Settlement |
| 21:29 | Create | Villager (Male) |
| 21:30 | Create | Villager (Male) |
| 21:30 | Create | Villager (Male) |
| 21:46 | Research | Stone Mining |
| 21:52 | Create | Villager (Male) |
| 21:52 | Create | Villager (Male) |
| 22:07 | Create | Villager (Male) |
| 22:08 | Create | Villager (Male) |
| 22:08 | Create | Villager (Male) |
| 22:08 | Create | Villager (Male) |
| 22:16 | Create | Villager (Male) |
| 22:16 | Create | Villager (Male) |
| 22:16 | Create | Villager (Male) |
| 22:22 | Build | Farm |
| 22:25 | Build | Farm |
| 22:28 | Build | Farm |
| 22:29 | Create | Villager (Male) |
| 22:29 | Create | Villager (Male) |
| 22:29 | Create | Villager (Male) |
| 22:34 | Build | Farm |
| 22:35 | Build | Farm |
Build order — NotDukito
First 150 of 363 actions detected
| 0:02 | Build | House |
| 0:03 | Create | Villager (Male) |
| 0:06 | Build | House |
| 0:07 | Create | Villager (Male) |
| 0:13 | Create | Villager (Male) |
| 0:21 | Create | Villager (Male) |
| 1:30 | Create | Villager (Male) |
| 1:30 | Create | Villager (Male) |
| 2:06 | Build | Lumber Camp |
| 2:08 | Create | Villager (Male) |
| 2:09 | Create | Villager (Male) |
| 2:24 | Create | Villager (Male) |
| 2:58 | Create | Villager (Male) |
| 2:58 | Create | Villager (Male) |
| 3:14 | Create | Villager (Male) |
| 3:49 | Create | Villager (Male) |
| 3:52 | Build | House |
| 4:00 | Create | Villager (Male) |
| 4:30 | Build | House |
| 4:35 | Create | Villager (Male) |
| 4:40 | Build | Mill |
| 4:59 | Create | Villager (Male) |
| 5:19 | Create | Villager (Male) |
| 5:47 | Create | Villager (Male) |
| 5:56 | Create | Villager (Male) |
| 6:23 | Create | Villager (Male) |
| 6:46 | Create | Villager (Male) |
| 7:15 | Build | House |
| 7:29 | Build | Farm |
| 7:33 | Create | Villager (Male) |
| 7:57 | Create | Villager (Male) |
| 8:09 | Build | Mining Camp |
| 8:27 | Create | Villager (Male) |
| 8:52 | Research | Feudal Age |
| 8:55 | Build | Farm |
| 10:31 | Build | Farm |
| 10:39 | Create | Villager (Male) |
| 11:02 | Age | Feudal Age |
| 11:04 | Build | Market |
| 11:06 | Build | Blacksmith |
| 11:29 | Create | Villager (Male) |
| 11:34 | Build | Farm |
| 11:58 | Research | Castle Age |
| 12:36 | Research | Double-Bit Axe |
| 12:48 | Build | House |
| 13:02 | Research | Horse Collar |
| 13:41 | Create | Villager (Male) |
| 13:49 | Build | Farm |
| 14:38 | Age | Castle Age |
| 14:41 | Build | Town Center |
| 14:49 | Build | Monastery |
| 14:50 | Create | Villager (Male) |
| 14:56 | Research | Bow Saw |
| 14:57 | Create | Villager (Male) |
| 15:22 | Research | Heavy Plow |
| 15:31 | Build | Farm |
| 15:32 | Build | Farm |
| 15:37 | Create | Monk |
| 15:43 | Build | House |
| 15:46 | Create | Villager (Male) |
| 15:47 | Create | Villager (Male) |
| 15:56 | Create | Villager (Male) |
| 15:58 | Build | Farm |
| 16:04 | Build | Farm |
| 16:09 | Create | Villager (Male) |
| 16:10 | Create | Villager (Male) |
| 16:23 | Create | Villager (Male) |
| 16:23 | Create | Villager (Male) |
| 16:42 | Create | Villager (Male) |
| 16:58 | Build | Town Center |
| 17:02 | Create | Villager (Male) |
| 17:12 | Build | Farm |
| 17:13 | Create | Villager (Male) |
| 17:16 | Build | Farm |
| 17:18 | Build | Farm |
| 17:23 | Build | Farm |
| 17:29 | Create | Villager (Male) |
| 17:29 | Create | Villager (Male) |
| 17:36 | Build | Farm |
| 17:40 | Build | Farm |
| 17:43 | Create | Villager (Male) |
| 17:46 | Build | Farm |
| 17:54 | Build | House |
| 18:03 | Create | Monk |
| 18:09 | Create | Villager (Male) |
| 18:12 | Build | Farm |
| 18:15 | Create | Villager (Male) |
| 18:17 | Build | Farm |
| 18:22 | Create | Villager (Male) |
| 18:24 | Build | Farm |
| 18:31 | Create | Villager (Male) |
| 18:34 | Build | Farm |
| 18:40 | Build | Farm |
| 18:41 | Create | Villager (Male) |
| 18:41 | Create | Villager (Male) |
| 18:47 | Build | Farm |
| 18:50 | Build | Farm |
| 18:58 | Create | Villager (Male) |
| 19:18 | Create | Villager (Male) |
| 19:18 | Create | Villager (Male) |
| 19:18 | Create | Villager (Male) |
| 19:25 | Build | Farm |
| 19:25 | Create | Villager (Male) |
| 19:27 | Build | Farm |
| 19:33 | Build | House |
| 19:33 | Build | House |
| 19:35 | Create | Villager (Male) |
| 19:40 | Create | Villager (Male) |
| 19:53 | Create | Villager (Male) |
| 19:53 | Create | Villager (Male) |
| 19:59 | Build | Town Center |
| 20:00 | Create | Villager (Male) |
| 20:05 | Create | Villager (Male) |
| 20:05 | Create | Villager (Male) |
| 20:06 | Build | Farm |
| 20:13 | Build | Farm |
| 20:17 | Build | House |
| 20:18 | Create | Villager (Male) |
| 20:25 | Create | Villager (Male) |
| 20:28 | Build | Farm |
| 20:29 | Create | Villager (Male) |
| 20:29 | Create | Villager (Male) |
| 20:36 | Create | Villager (Male) |
| 20:36 | Create | Villager (Male) |
| 20:50 | Build | Farm |
| 20:51 | Create | Villager (Male) |
| 20:51 | Create | Villager (Male) |
| 20:54 | Build | House |
| 20:58 | Build | Farm |
| 21:03 | Build | Farm |
| 21:04 | Create | Villager (Male) |
| 21:12 | Create | Villager (Male) |
| 21:21 | Create | Villager (Male) |
| 21:28 | Create | Villager (Male) |
| 21:38 | Create | Villager (Male) |
| 21:39 | Create | Villager (Male) |
| 21:40 | Build | Farm |
| 21:41 | Research | Wheelbarrow |
| 21:50 | Create | Villager (Male) |
| 21:50 | Create | Villager (Male) |
| 21:54 | Create | Villager (Male) |
| 21:55 | Create | Villager (Male) |
| 22:00 | Create | Villager (Male) |
| 22:01 | Create | Villager (Male) |
| 22:03 | Build | Farm |
| 22:15 | Build | Mining Camp |
| 22:16 | Create | Villager (Male) |
| 22:26 | Build | Farm |
| 22:27 | Create | Villager (Male) |
| 22:31 | Create | Villager (Male) |
Match timeline
| 3:26 | JARV · wall_segment Palisade Wall x1 |
| 3:30 | LB $ RuJasonSh · wall_segment Palisade Wall x1 |
| 4:10 | JARV · wall_segment Palisade Wall x1 |
| 4:14 | JARV · wall_segment Palisade Wall x1 |
| 4:22 | JARV · wall_segment Palisade Wall x1 |
| 4:24 | JARV · wall_segment Palisade Wall x1 |
| 4:27 | JARV · wall_segment Palisade Wall x1 |
| 4:37 | LB $ RuJasonSh · wall_segment Palisade Wall x5 |
| 9:59 | Froman · first_building Barracks |
| 10:57 | LB $ RuJasonSh · age_up feudal |
| 10:57 | JARV · age_up feudal |
| 11:00 | [LMB] xvedejas · age_up feudal |
| 11:02 | NotDukito · age_up feudal |
| 11:21 | Froman · age_up feudal |
| 11:22 | Froman · first_building Stable |
| 11:23 | Vroooommmmmm · age_up feudal |
| 11:25 | acejohn · age_up feudal |
| 11:57 | [LMB] xvedejas · first_market_sell 100 stone |
| 11:58 | [LMB] xvedejas · first_market_buy 100 food |
| 12:01 | LB $ RuJasonSh · first_building Barracks |
| 12:25 | LB $ RuJasonSh · first_market_buy 100 food |
| 12:28 | LB $ RuJasonSh · first_market_sell 100 wood |
| 12:47 | TheWyandotte · first_market_sell 100 wood |
| 12:48 | TheWyandotte · first_market_buy 100 food |
| 13:06 | Vroooommmmmm · first_market_sell 100 stone |
| 14:21 | LB $ RuJasonSh · wall_segment Palisade Wall x4 |
| 14:38 | NotDukito · age_up castle |
| 14:45 | [LMB] xvedejas · age_up castle |
| 14:49 | NotDukito · first_building Monastery |
| 14:51 | JARV · age_up castle |
| 15:02 | Vroooommmmmm · age_up castle |
| 15:04 | Vroooommmmmm · first_building Siege Workshop |
| 15:09 | acejohn · age_up castle |
| 15:18 | LB $ RuJasonSh · age_up castle |
| 15:27 | acejohn · first_building Monastery |
| 15:29 | [LMB] xvedejas · first_building Siege Workshop |
| 15:29 | Froman · age_up castle |
| 15:39 | NotDukito · first_market_buy 100 food |
| 17:21 | JARV · first_building Siege Workshop |
| 17:42 | TheWyandotte · first_building Monastery |
| 17:53 | Vroooommmmmm · first_market_buy 100 wood |
| 17:54 | [LMB] xvedejas · first_building Monastery |
| 18:23 | JARV · first_building Castle |
| 19:17 | TheWyandotte · first_building Siege Workshop |
| 21:50 | JARV · first_building Barracks |
| 21:51 | Froman · first_building Monastery |
| 22:47 | JARV · first_building Stable |
| 22:52 | [LMB] xvedejas · first_building Barracks |
| 23:47 | LB $ RuJasonSh · first_building Castle |
| 24:41 | [LMB] xvedejas · first_building Stable |
| 25:08 | JARV · first_market_sell 100 wood |
| 25:11 | NotDukito · first_building Castle |
| 25:20 | JARV · first_building Monastery |
| 25:49 | acejohn · first_building Barracks |
| 26:18 | TheWyandotte · first_building Castle |
| 26:32 | acejohn · first_building Archery Range |
| 26:36 | acejohn · first_building Siege Workshop |
| 27:09 | acejohn · age_up imperial |
| 27:31 | acejohn · wall_segment Palisade Wall x1 |
| 27:33 | acejohn · wall_segment Palisade Wall x1 |
| 27:40 | acejohn · wall_segment Palisade Wall x1 |
| 27:42 | TheWyandotte · first_building Barracks |
| 27:47 | acejohn · wall_segment Palisade Wall x1 |
| 27:52 | acejohn · wall_segment Palisade Wall x1 |
| 28:06 | NotDukito · first_market_sell 100 wood |
| 28:12 | NotDukito · age_up imperial |
| 28:14 | TheWyandotte · first_building Stable |
| 28:42 | NotDukito · first_building Barracks |
| 29:23 | acejohn · first_market_buy 100 wood |
| 29:27 | acejohn · first_market_sell 100 food |
| 29:33 | Froman · first_building Castle |
| 30:36 | LB $ RuJasonSh · age_up imperial |
| 31:18 | Froman · first_building Archery Range |
| 31:34 | JARV · wall_segment Stone Wall x1 |
| 31:59 | JARV · age_up imperial |
| 32:43 | Vroooommmmmm · wall_segment Stone Wall x1 |
| 32:50 | Vroooommmmmm · first_building Monastery |
| 32:53 | Vroooommmmmm · first_building Barracks |
| 33:02 | [LMB] xvedejas · age_up imperial |
| 33:31 | JARV · resign |
| 34:09 | Froman · age_up imperial |
| 34:31 | Vroooommmmmm · wall_segment Stone Wall x7 |
| 35:51 | NotDukito · tribute_sent a jugador 1 |
| 35:51 | NotDukito · tribute_sent a jugador 2 |
| 35:51 | NotDukito · tribute_sent a jugador 3 |
| 35:51 | NotDukito · tribute_sent a jugador 4 |
| 35:51 | NotDukito · tribute_sent a jugador 5 |
| 35:51 | NotDukito · tribute_sent a jugador 6 |
| 35:51 | NotDukito · tribute_sent a jugador 7 |
| 36:32 | Vroooommmmmm · age_up imperial |
[ AI ANALYSIS · 1 CREDIT ]
What really happened in this match?
Wolo.gg analyzes every decision: build order, eco, micro, common mistakes by bracket. Personalized analysis on WhatsApp or Discord in 30 seconds.
Civ guide
Malians
Perfil
acejohn